 Dungeon Crawl Stone Soup version 0.31-a0-210-gccc998df9b (webtiles) character file.

Game seed: 8565068420145918934

266 Anon1729 the Trooper (level 6, -7/48 HPs)
             Began as a Demonspawn Monk on June 29, 2023.
             Mangled by an ogre
             ... wielding a +0 giant club
              (34 damage)
             ... on level 4 of the Dungeon.
             The game lasted 00:01:53 (2861 turns).

Anon1729 the Trooper (Demonspawn Monk)              Turns: 2861, Time: 00:01:54

Health: -7/48      AC:  5    Str: 11    XL:     6   Next: 0%
Magic:  8/8        EV: 13    Int: 14    God:
Gold:   254        SH:  0    Dex: 22    Spells: 5/5 levels left

rFire   . . .        i - +2 long sword "Earthworm" {spect, rC+ rCorr Int+3 Dex+4}
rCold   + . .        d - orb {light}
rNeg    . . .        l - +0 leather armour
rPois   .            (no helmet)
rElec   .            (no cloak)
rCorr   +            (no gloves)
SInv    .            (no boots)
Will    .....        p - amulet of faith
Stlth   +            (no ring)
HPRegen 0.28/turn    (no ring)
MPRegen 0.11/turn

%: faith
@: glowing
A: molten scales 1, demonic guardian 1
a: no special abilities


You were on level 4 of the Dungeon.
You visited 1 branch of the dungeon, and saw 4 of its levels.

You collected 254 gold pieces.

Inventory:

Hand Weapons
 a - a +0 short sword
 i - the +2 long sword "Earthworm" (weapon) {spect, rC+ rCorr Int+3 Dex+4}
   (You found it on level 3 of the Dungeon)

   Int:       It affects your intelligence (+3).
   Dex:       It affects your dexterity (+4).
   rC:        It protects you from cold.
   rCorr:     It protects you from acid and corrosion.
Missiles
 v - 6 poisoned darts
Armour
 b - a +0 robe
 d - an orb of light (worn)
 l - a +0 leather armour (worn)
Jewellery
 p - an amulet of faith (around neck)
Scrolls
 e - 4 scrolls of identify {unknown}
 f - a scroll of butterflies {unknown}
 h - a scroll of fear {unknown}
 j - a scroll of teleportation {unknown}
 k - 2 scrolls of blinking {unknown}
 m - a scroll of immolation {unknown}
 n - a scroll of enchant weapon {unknown}
 q - 2 scrolls of enchant armour {unknown}
 r - a scroll of vulnerability {unknown}
 t - a scroll of silence {unknown}
Potions
 c - a potion of ambrosia
 g - a potion of cancellation
 o - 2 potions of invisibility
 s - a potion of might {unknown}
 u - a potion of curing {unknown}


   Skills:
 + Level 4.0 Fighting
 + Level 3.6 Short Blades
 + Level 2.1 Armour
 + Level 3.6 Dodging
 + Level 3.2 Invocations


You had 5 spell levels left.
You didn't know any spells.
Your spell library contained the following spells:

 Spells                   Type           Power      Damage    Failure   Level
 Sublimation of Blood     Necr           0%         N/A       50%         2
 Wereblood                Tmut           0%         N/A       50%         2
 Ozocubu's Armour         Ice            0%         N/A       75%         3
 Ozocubu's Refrigeration  Ice            0%         4d7       100%        7
 Summon Hydra             Summ           0%         N/A       100%        7


Dungeon Overview and Level Annotations

Branches:
Dungeon (4/15)
 Temple: D:4-7

Altars:


Innate Abilities, Weirdness & Mutations

You are partially covered in molten scales. (AC +2)
A weak demonic guardian rushes to your aid.


Message History

Search for what [Enter for "@", or ? for help]? @
There is a stone staircase leading up here.
You see here a +0 club.
There is a stone staircase leading up here.
You see here a +0 dagger.
You see here 6 poisoned darts.
v - 6 poisoned darts Done exploring.
(D) Dungeon
Where to? (Enter - D:2 @ (x,y), ? - help)
There is a stone staircase leading down here.
You climb downwards.
There is a stone staircase leading up here.
(D) Dungeon
Where to? (Enter - D:3, ? - help)
Okay, then.
Search for what [Enter for "@", or ? for help]?
(D) Dungeon
Where to? (Enter - D:3, ? - help)
There is a stone staircase leading down here.
You climb downwards.
There is a stone staircase leading up here.
There is a stone staircase leading up here.
Found a stone staircase leading down.
Found 3 stones.
You now have 254 gold pieces (gained 11).
An ogre comes into view. It is wielding a +0 giant club.
The ogre shouts!
A ball python comes into view.
The ogre hits you with a +0 giant club!!
You slash the ogre!
The ogre is moderately wounded.
Your +2 long sword "Earthworm" {spect, rC+ rCorr Int+3 Dex+4} barely misses the ogre.
The ball python misses you. x2
You hit the ogre.
The ogre is heavily wounded.
Your +2 long sword "Earthworm" {spect, rC+ rCorr Int+3 Dex+4} hits the ogre!
The ogre hits you with a +0 giant club!!
Ouch! That really hurt!
You die...

#.>.......# ###
#.#######.# #
#####.# #.# ..
#...#.#######.##.#
#.#.....(........#
#...#.######...#.##
##.##..............
#.#########...####
#@# ##.## #SO(# #.#
#.#...# #.#
#.##...# #+# ##
#~..# #~~.# #8~.#
#~~.#


You could see an ogre, a ball python and a friendly +2 long sword "Earthworm"
{spect, rC+ rCorr Int+3 Dex+4}.

Vanquished Creatures
  Sigmund (D:3)
  2 adders (D:2)
  A worm (D:2)
  4 dart slugs
  7 endoplasms
  A giant cockroach (D:1)
  3 goblins
  6 hobgoblins
  9 jackals
  5 quokkas
  6 ball pythons
  3 bats
  7 frilled lizards
  8 kobolds
  7 rats
70 creatures vanquished.

Notes
Turn   | Place    | Note
-------+----------+-------------------------------------------
     0 | D:1      | Anon1729 the Demonspawn Monk began the quest for the Orb.
     0 | D:1      | Reached XP level 1. HP: 18/18 MP: 1/1
   235 | D:1      | Gained mutation: You are partially covered in molten
                  | scales. (AC +2) [demonic ancestry]
   235 | D:1      | Reached XP level 2. HP: 9/24 MP: 2/2
   379 | D:1      | Reached skill level 1 in Invocations
  1031 | D:2      | Found a faded altar of an unknown god.
  1036 | D:2      | Gained mutation: A weak demonic guardian rushes to your
                  | aid. [demonic ancestry]
  1036 | D:2      | Reached XP level 3. HP: 27/29 MP: 4/4
  1074 | D:2      | Reached skill level 1 in Armour
  1683 | D:2      | Reached XP level 4. HP: 30/35 MP: 5/5
  1776 | D:2      | You fall into a shaft and drop 1 floor!
  1872 | D:3      | Noticed Sigmund
  1890 | D:3      | Killed Sigmund
  1891 | D:3      | Reached XP level 5. HP: 24/42 MP: 5/7
  2013 | D:3      | Identified the +2 long sword "Earthworm" {spect, rC+ rCorr
                  | Int+3 Dex+4}
  2085 | D:3      | Reached skill level 4 in Fighting
  2348 | D:3      | Reached XP level 6. HP: 48/48 MP: 8/8
  2861 | D:4      | Mangled by an ogre

Illustrated notes

Levels and vault maps discovered:
D:1:      mrwooster_arrival_statue_3, layout_basic
D:2:      layout_loops_ring, nicolae_ecumenical_snake_handling,
          minmay_gold_behind_fungi
D:3:      layout_rooms, nicolae_hexahallways, uniq_sigmund
D:4:      layout_loops_corners, tgw_sif, minmay_temple_entry_wispy,
          fountainhead, moated_statue

Skill      XL: |  1  2  3  4  5 |
---------------+----------------+-----
Invocations    | 1 2 3 |  3.2
Dodging        | 3 |  3.6
Short Blades   | 3 |  3.6
Armour         | 1 2 |  2.1
Fighting       | 4 |  4.0

Action                     |  1- 3 |  4- 6 || total
---------------------------+-------+-------++-------
  Melee: Short sword       |   205 |    40 ||   245
         Long sword        |       |    17 ||    17
    Use: Potion            |       |     3 ||     3
 Armour: Robe              |    25 |       ||    25
         Leather armour    |    27 |    11 ||    38
  Dodge: Dodged            |   118 |    29 ||   147

Table legend: (Time is in decaauts)
 A = Elapsed time spent in this place.
 B = Non-inter-level travel time spent in this place.
 C = Inter-level travel time spent in this place.
 D = Time resting spent in this place.
 E = Time spent auto-exploring this place.
 F = Levels seen in this place.
 G = Mean time per level.
                   A        B        C        D        E       F      G
               +--------+--------+--------+--------+--------+-----+--------+
         Total |   2809 |   2623 |    186 |    248 |   1917 |   4 |  702.2 |
       Dungeon |   2809 |   2623 |    186 |    248 |   1917 |   4 |  702.2 |
               +--------+--------+--------+--------+--------+-----+--------+

Top non-repeatable levels by time:
     D:2: 1117 daAuts
     D:1: 1015 daAuts
     D:3: 634 daAuts
     D:4: 42 daAuts
